 Dungeon Crawl Stone Soup version 0.32-a0-391-gce5c0aab1b (webtiles) character file.

Game seed: 5322489897831819650

816 ezpacito the Chopper (level 7, -2/53 HPs)
             Began as a Demonspawn Gladiator on Feb 19, 2024.
             Was a Plaything of Xom.
             Engulfed by a cloud of steam (7 damage)
             ... on level 5 of the Dungeon.
             The game lasted 00:06:54 (3165 turns).

ezpacito the Chopper (Demonspawn Gladiator)         Turns: 3165, Time: 00:06:55

Health: -2/53      AC:  8    Str: 14 (15) XL:     7   Next: 62%
Magic:  9/9        EV: 11    Int: 12      God:    Xom [..*...]
Gold:   156        SH:  0    Dex: 12 (14) Spells: 1/9 levels left

rFire   . . .        a - +0 war axe
rCold   + . .        (no shield)
rNeg    . . .        c - +3 ring mail {rC+}
rPois   .            (helmet restricted)
rElec   .            (no cloak)
rCorr   .            (no gloves)
SInv    .            (no boots)
Will    .....        s - amulet of regeneration
Stlth   +            (no ring)
HPRegen 1.08/turn    (no ring)
MPRegen 0.11/turn

%: no passive effects
@: mighty
A: claws 1, hooves 1, horns 1, powered by pain 2, spiny 1, clever 1,
deterioration 1
a: Renounce Religion


You were on level 5 of the Dungeon.
You worshipped Xom.
You were a toy of Xom.
You visited 1 branch of the dungeon, and saw 5 of its levels.

You collected 156 gold pieces.

Inventory:

Hand Weapons
 a - a +0 war axe (weapon)
 g - a +4 flail of draining
Missiles
 d - 3 throwing nets (quivered)
 e - a javelin
Armour
 c - a +3 ring mail of cold resistance (worn)
Jewellery
 s - an amulet of regeneration (around neck)
Talismans
 q - a serpent talisman
Wands
 b - a wand of quicksilver (7)
 f - a wand of iceblast (5)
 m - a wand of polymorph (13)
Scrolls
 h - a scroll of torment
 j - a scroll of enchant weapon
 k - a scroll of blinking
 t - 2 scrolls of poison
Potions
 n - 3 potions of curing
 o - a potion of cancellation {unknown}
 p - a potion of berserk rage {unknown}
 r - a potion of enlightenment {unknown}


   Skills:
 * Level 3.8 Fighting
 * Level 5.6 Axes
 + Level 1.8 Throwing
 * Level 2.0 Armour
 * Level 3.6 Dodging
 + Level 1.5 Stealth
 * Level 1.8 Unarmed Combat
 * Level 1.7 Spellcasting
 * Level 0.4 Summonings
 * Level 1.2 Evocations


You had one spell level left.
You knew the following spells:

 Your Spells              Type           Power      Damage    Failure   Level
a - Call Canine Familiar  Summ           2%         N/A       80%         3
b - Shock                 Conj/Air       4%         1d3       50%         1
c - Dimensional Bullseye  Hex/Tloc       0%         N/A       99%         4

Your spell library contained the following spells:

 Spells                   Type           Power      Damage    Failure   Level
 Sigil of Binding         Hex            1%         N/A       86%         3
 Swiftness                Air            1%         N/A       86%         3
 Airstrike                Air            0%         2d(1-17)  99%         4
 Cause Fear               Hex            0%         N/A       99%         4
 Fireball                 Conj/Fire      0%         3d3       100%        5
 Dragon's Call            Summ           1%         N/A       100%        9


Dungeon Overview and Level Annotations

Branches:
Dungeon (5/15)
 Temple: D:4-7

Altars:
Makhleb
Qazlal
Xom


Innate Abilities, Weirdness & Mutations

You have sharp fingernails.
You have large cloven feet.
You have a pair of small horns on your head.
You sometimes gain power by taking damage.
You are partially covered in sharp spines.
Your mind is acute. (Int +4, Str/Dex -1)
Your body sometimes deteriorates upon taking damage.


Message History

There is a stone staircase leading down, spattered with blood here.
Items here: )) †††.
You start resting.
HP restored.
You climb downwards.
There is a stone staircase leading up, spattered with blood here.
The steam dragon breathes steam at you. The ball of steam misses you.
You are engulfed in a cloud of scalding steam.
The steam dragon breathes steam at you. The ball of steam hits you!
Your body deteriorates!
You feel weakened.
You hear a shout!
You slash the steam dragon! You kick the steam dragon.
You headbutt the steam dragon.
The steam dragon is heavily wounded.
You are engulfed in a cloud of scalding steam.
The steam dragon bites you. The steam dragon barely misses you.
An ice beast comes into view.
You closely miss the steam dragon.
The steam dragon is heavily wounded.
You are engulfed in a cloud of scalding steam.
Your body deteriorates!
You feel clumsy. The steam dragon bites you. The steam dragon claws you.
You hit the steam dragon.
The steam dragon is severely wounded.
You are engulfed in a cloud of scalding steam.
* * * LOW HITPOINT WARNING * * *
The steam dragon breathes steam at you. The ball of steam hits you!
* * * LOW HITPOINT WARNING * * *
The steam dragon bites you.
* * * LOW HITPOINT WARNING * * *
The steam dragon claws you but does no damage.
You slash the steam dragon!
You kill the steam dragon!
The steam dragon scales are intact enough to wear.
You are engulfed in a cloud of scalding steam.
You die...
Xom titters!

#...............
.................#
.................
.......<........
..............Y.#
................###
#............##....
##.........[...# #.
#..###.....@...#...
#.# #..).§........
#. #...$§........
####..).<§.....##
#.......(§.....#
#..######......!..
.. #.......## .
#.......# ##.#....#


You could see an ice beast.

Vanquished Creatures
  A steam dragon (D:5)
  An ogre (D:4)
  A phantom (D:4)
  2 bombardier beetles (D:4)
  A howler monkey (D:2)
  2 hounds (D:4)
  A jelly (D:4)
  A gnoll bouda (D:4)
  A sleepcap (D:4)
  An iguana (D:4)
  Ijyb (D:4)
  Terence (D:2)
  Robin (D:3)
  12 gnolls
  7 adders
  7 dart slugs
  An orc (D:4)
  7 bats
  4 endoplasms
  6 giant cockroaches
  15 goblins
  15 hobgoblins
  6 kobolds
  3 quokkas
  4 ball pythons
  3 frilled lizards
  6 rats
111 creatures vanquished.

Notes
Turn   | Place    | Note
-------+----------+-------------------------------------------
     0 | D:1      | ezpacito the Demonspawn Gladiator began the quest for the
                  | Orb.
     0 | D:1      | Reached XP level 1. HP: 16/16 MP: 1/1
   110 | D:1      | Discovered your monstrous ancestry.
   110 | D:1      | Gained mutation: You have large cloven feet. [demonic
                  | ancestry]
   110 | D:1      | Reached XP level 2. HP: 21/22 MP: 2/2
   124 | D:1      | Reached skill level 3 in Axes
   324 | D:1      | Gained mutation: You are partially covered in sharp spines.
                  | [demonic ancestry]
   324 | D:1      | Reached XP level 3. HP: 27/27 MP: 3/3
   862 | D:2      | Found a faded altar of an unknown god.
   866 | D:2      | Reached skill level 1 in Unarmed Combat
   866 | D:2      | Gained mutation: You sometimes gain a little power by
                  | taking damage. [demonic ancestry]
   866 | D:2      | Reached XP level 4. HP: 25/34 MP: 4/4
   871 | D:2      | Reached skill level 1 in Spellcasting
   926 | D:2      | Prayed at the altar of an unknown god.
   926 | D:2      | Became a worshipper of Xom the Tricky
  1036 | D:2      | XOM: divination: detect creatures
  1040 | D:2      | Noticed Terence
  1046 | D:2      | XOM: butterfly on damage
  1052 | D:2      | Killed Terence
  1053 | D:2      | Reached skill level 1 in Armour
  1054 | D:2      | Gained mutation: You have hoof-like feet. [potion of
                  | mutation]
  1054 | D:2      | Gained mutation: You expend magic power (3 MP) to
                  | strengthen your wands. [potion of mutation]
  1178 | D:2      | Gained mutation: You have a pair of small horns on your
                  | head. [demonic ancestry]
  1178 | D:2      | Reached XP level 5. HP: 39/39 MP: 6/6
  1215 | D:2      | XOM: cloud trail
  1341 | D:2      | Found a stormy altar of Qazlal.
  1556 | D:3      | Reached skill level 4 in Axes
  1810 | D:3      | XOM: 2-stop teleportation journey
  1843 | D:3      | XOM: give mutation
  1843 | D:3      | Gained mutation: Your body sometimes deteriorates upon
                  | taking damage. [Xom's mischief]
  1856 | D:3      | Noticed Robin
  1860 | D:3      | Gained mutation: You sometimes gain power by taking damage.
                  | [demonic ancestry]
  1860 | D:3      | Reached XP level 6. HP: 47/47 MP: 8/8
  1882 | D:3      | Killed Robin
  1943 | D:3      | XOM: give mutation
  1943 | D:3      | Gained mutation: Your mind is acute. (Int +4, Str/Dex -1)
                  | [Xom's mischief]
  1978 | D:3      | Reached skill level 1 in Stealth
  2195 | D:4      | XOM: confuse monster(s)
  2299 | D:4      | Learned a level 3 spell: Call Canine Familiar
  2301 | D:4      | Learned a level 1 spell: Shock
  2306 | D:4      | Learned a level 4 spell: Dimensional Bullseye
  2353 | D:4      | Gained mutation: You have sharp fingernails. [demonic
                  | ancestry]
  2353 | D:4      | Reached XP level 7. HP: 51/53 MP: 9/9
  2389 | D:4      | Found a stormy altar of Qazlal.
  2413 | D:4      | Reached skill level 5 in Axes
  2682 | D:4      | XOM: give mutations
  2682 | D:4      | Lost mutation: You expend magic power (3 MP) to strengthen
                  | your wands. [Xom's mischief]
  2682 | D:4      | Lost mutation: You have hoof-like feet. [Xom's mischief]
  2925 | D:4      | Found a burning altar of Makhleb.
  2985 | D:5      | Entered Level 5 of the Dungeon
  2985 | D:5      | Noticed a steam dragon
  2986 | D:5      | Noticed Ijyb
  3014 | D:5      | XOM: noise
  3049 | D:4      | Reached skill level 1 in Evocations
  3057 | D:4      | Killed Ijyb
  3127 | D:5      | XOM: butterfly on damage
  3127 | D:5      | XOM: smoke on damage
  3165 | D:5      | Killed a steam dragon
  3165 | D:5      | Engulfed by a cloud of steam

Illustrated notes

Levels and vault maps discovered:
D:1:      lightli_arrival_farm, layout_basic
D:2:      layout_basic, hellmonk_ecumenical_altar_pennies_from_heaven,
          basic_altar, minmay_heptomino_w4, uniq_terence
D:3:      layout_rooms, chequers_serial_rivers_room_a, uniq_robin
D:4:      layout_loops_ring, lightli_temple_of_fire,
          mainiacjoe_overflow_boulevard, minmay_misc_feat_chi
D:5:      minmay_goblin_kobold_castle, layout_rooms, yredelemnul_altar_generic,
          minmay_temple_entry_slanted, uniq_duvessa, uniq_ijyb

Skill      XL: |  1  2  3  4  5  6  7 |
---------------+----------------------+-----
Axes           | 3 4 5 |  5.6
Dodging        | 3 |  3.6
Unarmed Combat | 1 |  1.8
Spellcasting   | 1 |  1.7
Armour         | 1 2 |  2.0
Fighting       | 3 |  3.8
Stealth        | 1 |  1.5
Evocations     | 1 |  1.2
Throwing       | |  1.8
Summonings     | |  0.4

Action                     |  1- 3 |  4- 6 |  7- 9 || total
---------------------------+-------+-------+-------++-------
  Melee: War axe           |    49 |    97 |    56 ||   202
         Kick              |    11 |    27 |    16 ||    54
         Headbutt          |       |    13 |    10 ||    23
         Unarmed           |       |    11 |       ||    11
    Use: Potion            |       |     4 |       ||     4
         Scroll            |       |     6 |     4 ||    10
   Stab: Sleeping          |     1 |       |       ||     1
         Confused          |       |     1 |       ||     1
 Armour: Leather armour    |    27 |    16 |    11 ||    54
         Scale mail        |       |    52 |    22 ||    74
         Skin              |       |     6 |       ||     6
         Ring mail         |       |       |    23 ||    23
  Dodge: Dodged            |    38 |    44 |    42 ||   124

Table legend: (Time is in decaauts)
 A = Elapsed time spent in this place.
 B = Non-inter-level travel time spent in this place.
 C = Inter-level travel time spent in this place.
 D = Time resting spent in this place.
 E = Time spent auto-exploring this place.
 F = Levels seen in this place.
 G = Mean time per level.
                   A        B        C        D        E       F      G
               +--------+--------+--------+--------+--------+-----+--------+
         Total |   3250 |   3079 |    171 |     35 |   2307 |   5 |  650.0 |
       Dungeon |   3250 |   3079 |    171 |     35 |   2307 |   5 |  650.0 |
               +--------+--------+--------+--------+--------+-----+--------+

Top non-repeatable levels by time:
     D:4: 966 daAuts
     D:1: 896 daAuts
     D:2: 695 daAuts
     D:3: 636 daAuts
     D:5: 54 daAuts
